 Dungeon Crawl Stone Soup version 0.18.1-48-g4cf74bf (console) character file.

1381 Kloppie the Carver (level 8, -6/75 HPs)
             Began as a Minotaur Berserker on June 24, 2016.
             Was a Priest of Trog.
             Mangled by Menkaure (18 damage)
             ... on level 5 of the Dungeon.
             The game lasted 00:06:23 (4894 turns).

Kloppie the Carver (Minotaur Berserker)             Turns: 4894, Time: 00:06:24

Health: -6/75      AC:  5    Str: 22    XL:     8   Next: 39%
Magic:  7/7        EV: 11    Int:  4    God:    Trog [***...]
Gold:   74         SH:  0    Dex: 12    Spells: 0 memorised, 7 levels left

rFire  . . .     SeeInvis .     a - +0 falchion
rCold  . . .     Gourm    .     f - +0 ring mail
rNeg   . . .     Faith    .     (no shield)
rPois  .         Spirit   .     (helmet restricted)
rElec  .         Dismiss  .     (no cloak)
rCorr  .         Reflect  .     (no gloves)
SustAt .         Harm     .     (no boots)
MR     ++...                    (no amulet)
Stlth  +.........               (no ring)
                                (no ring)

@: regenerating, very resistant to hostile enchantments, very unstealthy
A: retaliatory headbutt, horns 2
a: Berserk, Trog's Hand, Burn Spellbooks, Renounce Religion


You were on level 5 of the Dungeon.
You worshipped Trog.
Trog was most pleased with you.
You were very hungry.

You visited 1 branch of the dungeon, and saw 5 of its levels.

You collected 172 gold pieces.
You spent 98 gold pieces at shops.

Inventory:

Hand Weapons
 a - a +0 falchion (weapon)
Armour
 f - a +0 ring mail (worn)
Jewellery
 p - a +6 ring of intelligence {unknown}
 r - a cursed ring of loudness {unknown}
Wands
 x - a wand of slowing (34/48)
Scrolls
 e - 5 scrolls of identify {unknown}
 g - 2 scrolls of amnesia {unknown}
 h - a scroll of magic mapping {unknown}
 i - 3 scrolls of remove curse {unknown}
 j - 2 scrolls of fog {unknown}
 k - 2 scrolls of fear {unknown}
 m - a scroll of random uselessness {unknown}
 n - a scroll of enchant weapon {unknown}
 t - a scroll of recharging {unknown}
Potions
 b - 3 potions of heal wounds {unknown}
 l - 2 potions of brilliance {unknown}
 o - 2 potions of curing {unknown}
 q - a potion of lignification {unknown}
 s - a potion of berserk rage {unknown}
 w - a potion of mutation
 A - a potion of haste {unknown}
Comestibles
 c - 3 bread rations
 u - 3 slices of pizza
 v - a royal jelly
 z - a meat ration


   Skills:
 + Level 8.4 Fighting
 * Level 10.3 Long Blades
 - Level 2.4 Armour
 - Level 2.1 Dodging


You had 7 spell levels left.
You didn't know any spells.

Dungeon Overview and Level Annotations

Branches:
Dungeon (5/15)
 Temple: D:4-7

Altars:
Cheibriados
Fedhas
Gozag

Shops:
D:4 *

Annotations:
D:4 exclusion: oklob plant
D:5 Menkaure


Innate Abilities, Weirdness & Mutations

You reflexively headbutt those who attack you in melee.
You have a pair of horns on your head.


Message History

Menkaure hits you!!
* * * LOW HITPOINT WARNING * * *
You are too injured to fight recklessly!
You are too injured to fight recklessly!
You are too injured to fight recklessly!
You hit Menkaure.
Menkaure is heavily damaged.
Menkaure hits you!
* * * LOW HITPOINT WARNING * * *
You hit Menkaure.
Menkaure is heavily damaged.
Menkaure barely misses you.
You're too hungry to go berserk.
You closely miss Menkaure. You headbutt Menkaure!
Menkaure is almost destroyed.
Menkaure barely misses you.
You hit Menkaure. Your headbutt misses Menkaure.
Menkaure is almost destroyed.
Menkaure hits you!!
You die...

#..# .# #.#..###.#
#.##.# ####.#!.#...
#.##.# #....#..#.###
#.##.# ###....#<.....#
#.##.# #......#..#####
#.##.# #......#....
#.##.### #......##.###
#.##.#<#
......M@..#######.##.#.#
..?...................>.
###....##..####.#....#.#
#....##..####.######.#
..###......##....#.....
.. ######.##..#.#.##.# .
#..#..#<#.##..
##.#..###....#
#.#..######.#


You could see Menkaure.

Vanquished Creatures
  Pikel (D:4)
  Grinder (D:4)
  Duvessa (D:4)
  An ice beast (D:5)
  A phantom (D:4)
  2 slaves (D:3)
  Dowan (D:4)
  2 orc priests (D:3)
  2 orc wizards (D:3)
  2 iguanas
  A worker ant (D:4)
  4 adders (D:2)
  8 gnolls
  4 worms
  2 dart slugs (D:2)
  3 giant geckos
  18 orcs
  2 bats (D:3)
  6 giant cockroaches
  5 goblins
  6 hobgoblins
  6 jackals
  8 kobolds
  A quokka (D:5)
  A ball python (D:1)
  3 giant newts
  10 rats
102 creatures vanquished.

Notes
Turn   | Place    | Note
--------------------------------------------------------------
     0 | D:1      | Kloppie the Minotaur Berserker began the quest for the Orb.
     0 | D:1      | Reached XP level 1. HP: 19/19 MP: 0/0
   156 | D:1      | Reached skill level 4 in Long Blades
   305 | D:1      | Reached XP level 2. HP: 23/27 MP: 1/1
   785 | D:2      | Reached ** piety under Trog
   830 | D:2      | Reached XP level 3. HP: 28/33 MP: 2/2
  1004 | D:2      | Found a snail-covered altar of Cheibriados.
  1130 | D:2      | Found a faded altar to an unknown god.
  1134 | D:2      | Reached skill level 5 in Long Blades
  1134 | D:2      | Reached XP level 4. HP: 40/41 MP: 3/3
  1246 | D:2      | Reached skill level 5 in Fighting
  1636 | D:3      | Found an opulent altar of Gozag.
  1743 | D:3      | Reached XP level 5. HP: 21/48 MP: 4/4
  2392 | D:3      | Reached skill level 6 in Long Blades
  2595 | D:3      | Reached *** piety under Trog
  3034 | D:3      | Reached XP level 6. HP: 51/57 MP: 5/5
  3109 | D:4      | Noticed Grinder
  3131 | D:4      | Killed Grinder
  3131 | D:4      | Reached skill level 7 in Long Blades
  3145 | D:4      | Reached XP level 7. HP: 14/64 MP: 6/6
  3447 | D:4      | Found Eliotz's General Store.
  3453 | D:4      | Bought a cursed ring of teleportation for 63 gold pieces
  3453 | D:4      | Bought a potion of mutation for 35 gold pieces
  3493 | D:4      | Noticed Pikel
  3959 | D:4      | Killed Pikel
  3959 | D:4      | Reached skill level 9 in Long Blades
  3968 | D:5      | Entered Level 5 of the Dungeon
  4162 | D:4      | Reached XP level 8. HP: 53/74 MP: 7/7
  4191 | D:4      | Noticed Dowan
  4193 | D:4      | Noticed Duvessa
  4204 | D:4      | Killed Dowan
  4351 | D:4      | Killed Duvessa
  4351 | D:4      | Reached skill level 10 in Long Blades
  4543 | D:4      | Found a blossoming altar of Fedhas.
  4561 | D:4      | Noticed an oklob plant
  4883 | D:5      | Noticed Menkaure
  4894 | D:5      | Mangled by Menkaure

Skill      XL: |  1  2  3  4  5  6  7  8 |
---------------+-------------------------+-----
Long Blades    | 4 5 6 7 9 10 | 10.3
Fighting       | 4 5 6 8 |  8.4
Armour         | |  2.4
Dodging        | |  2.1

Action                   |  1- 3 |  4- 6 |  7- 9 || total
-------------------------+-------+-------+-------++-------
Melee: Falchion          |    62 |   131 |   109 ||   302
       Headbutt          |     9 |    23 |    25 ||    57
Invok: Berserk           |       |     2 |     2 ||     4
       Trog's Hand       |       |     2 |     2 ||     4
  Eat: Chunk             |     1 |     7 |     8 ||    16
Armor: Ring mail         |    27 |    21 |    31 ||    79
       Animal skin       |     1 |       |       ||     1
Dodge: Dodged            |    54 |    67 |    54 ||   175
